Map: Pylon LE

Players

HorseFlow

  • Race: Terran Terran
  • Spawn Location: 11:00

ManlyManMeat - Winner!

  • Race: Terran Terran
  • League: Platinum
  • Spawn Location: 5:00

VOD

Have the link to the VOD?

Description

Time

  • Played on: June 19, 2025, 10:23 a.m.
  • Length: 5:45
Show
View Real Time Build Order
Export as new Build Order

HorseFlow Terran 

Build Orders:  

Get SALT Encoding   

  12  0:00  SCV  
  13  0:15  Supply Depot  
  13  0:21  Refinery  
  13  0:24  SCV  
  14  0:32  Refinery  
  14  0:49  Supply Depot  
  14  0:54  Supply Depot  
  14  0:58  SCV  
  15  1:15  Barracks  
  15  1:26  SCV  
  16  1:38  SCV  
  17  1:45  Barracks  
  17  1:57  SCV  
  18  2:03  Barracks Reactor  
  18  2:09  SCV  
  19  2:25  Supply Depot  
  19  2:34  Barracks  
  19  2:41  Reaper  
  19  2:42  Reaper  
  21  2:53  Engineering Bay  
  21  3:13  Reaper  
  21  3:14  Reaper  
  23  3:20  Orbital Command  
  23  3:22  Reaper  
  24  3:38  Terran Infantry Weapons Level 1  
  23  3:46  Reaper x2  
  25  3:55  Barracks Reactor  
  25  3:58  SCV  
  26  4:09  Reaper  
  26  4:11  SCV  
  26  4:23  SCV  
  25  4:32  Reaper x2  
  25  4:33  Reaper x2  
  25  4:35  SCV  
  28  4:47  SCV  
  27  5:04  Reaper  
  27  5:05  Reaper x2  
  26  5:09  SCV  
  26  5:13  Factory  
  25  5:21  SCV  
Show
View Real Time Build Order
Export as new Build Order

ManlyManMeat Terran - Winner!

Build Orders: Reaper Expand 

Get SALT Encoding   

  12  0:00  SCV  
  13  0:12  SCV  
  14  0:18  Supply Depot  
  14  0:24  SCV  
  15  0:40  SCV, Barracks  
  16  0:46  Refinery  
  16  0:53  SCV  
  17  1:05  SCV  
  18  1:17  SCV  
  19  1:29  Reaper  
  19  1:30  Orbital Command  
  20  1:42  Command Center  
  20  1:56  SCV  
  23  2:08  SCV  
  23  2:13  Barracks Reactor  
  23  2:14  Supply Depot  
  22  2:17  Bunker  
  22  2:26  SCV  
  22  2:29  Factory  
  23  2:39  SCV  
  24  2:50  Marine x2  
  26  2:52  Bunker  
  26  2:57  Orbital Command  
  26  3:06  Barracks  
  26  3:07  Refinery, SCV  
  26  3:12  Marine x2  
  28  3:16  Factory Tech Lab  
  28  3:19  SCV  
  30  3:25  SCV  
  31  3:30  Marine x2  
  33  3:34  SCV  
  33  3:37  SCV, Siege Tank  
  38  3:46  SCV  
  38  3:48  Marine x2  
  41  3:51  Barracks  
  41  3:59  SCV x2  
  43  4:03  Marine  
  44  4:11  SCV x2  
  46  4:21  Supply Depot  
  46  4:25  Supply Depot  
  46  4:37  SCV x2, Siege Tank, Marine x2  
  45  4:52  Marine  
  44  4:55  Marine  
  39  5:10  Marine x2  
  39  5:11  Siege Tank  
  39  5:13  SCV x2  
  46  5:19  Marine  
  47  5:25  SCV  
Tags
 
League
Platinum
Matchup
TvT
Race
Terran
Spawn Locations
Cross Positions
Add a new tag
Caveats
  • Supply blocks, unpowered buildings, or Contaminate may cause inaccurate times.
  • Supply counts are checked every 10 seconds.